 Dungeon Sprint DCSS version 0.20.1-1-g8b1a95d (webtiles) character file.

7168 juspike the Impaler (level 10, -3/108 HPs)
             Began as a Minotaur Berserker on Oct 13, 2017.
             Was a High Priest of Trog.
             Killed by divine providence
             ... invoked by a daeva
              (13 damage)
             ... in the Dungeon (Sprint I: "Red Sonja").
             The game lasted 00:24:19 (2212 turns).

juspike the Impaler (Minotaur Berserker)            Turns: 2212, Time: 00:24:20

Health: -3/108     AC: 10    Str: 25    XL:     10   Next: 86%
Magic:  9/9        EV: 17    Int:  4    God:    Trog [*****.]
Gold:   705        SH:  0    Dex: 14    Spells: 9/9 levels left

rFire    + + .     SeeInvis .   t - +4 glaive of Altruism {freeze, MR+ Dex+4}
rCold    x . .     Gourm    .   (shield currently unavailable)
rNeg     . . .     Faith    .   k - +3 ring mail {rF+}
rPois    .         Spirit   .   (helmet restricted)
rElec    .         Reflect  .   (no cloak)
rCorr    .         Harm     .   (no gloves)
MR       +....     NoTele   +   (no boots)
Stlth    +.........             (no amulet)
Regen    0.3/turn               u - ring of fire
MPRegen  0.2/turn               (no ring)

@: berserk cooldown, slowed, glowing, very slow
A: retaliatory headbutt, horns 2, subdued magic 1
a: Berserk, Trog's Hand, Brothers in Arms, Burn Spellbooks, Renounce Religion


You were in the Dungeon.
You worshipped Trog.
Trog was extremely pleased with you.
You were near starving.

You visited 1 branch You collected 1088 gold pieces.
You spent 383 gold pieces at shops.

Inventory:

Hand Weapons
 a - a +0 spear
 d - a +2 scythe of freezing
 p - a +12 blowgun
 q - a +1 dagger of venom
 r - a +0 shortbow
 s - a +0 shortbow
 t - the +4 glaive of Altruism (weapon) {freeze, MR+ Dex+4}
   (Trog gifted it to you in the Dungeon)

   It has been specially enchanted to freeze those struck by it, causing extra
   injury to most foes and up to half again as much damage against particularly
   susceptible opponents.
   It can also slow down cold-blooded creatures.
   It affects your dexterity (+4).
   It affects your resistance to hostile enchantments.
 B - a +4 glaive of chopping
Missiles
 o - 77 arrows
 y - 19 bolts
 z - 4 curare-tipped needles
Armour
 b - a +0 animal skin
 k - a +3 ring mail of fire resistance (worn)
 m - a +0 robe
 v - a +2 helmet
Jewellery
 u - a ring of fire (left hand)
Scrolls
 i - 2 scrolls of blinking
 n - a scroll of remove curse
 x - a scroll of identify {unknown}
Potions
 f - a potion of haste
 g - 2 potions of magic
 h - a potion of berserk rage
 j - a potion of mutation {unknown}
 l - a potion of lignification
 w - 3 potions of curing
Comestibles
 A - 13 chunks of flesh


   Skills:
 + Level 16.6 Fighting
 + Level 18.6 Polearms
 - Level 4.0 Bows
 + Level 12.8 Armour
 + Level 10.2 Dodging
 + Level 1.4 Stealth


You had 9 spell levels left.
You didn't know any spells.

Dungeon Overview and Level Annotations

Branches:
Dungeon (1/1)

Altars:
Cheibriados
Dithmenos
Elyvilon
Fedhas
Gozag
Hepliaklqana
Kikubaaqudgha
Makhleb
Nemelex Xobeh
Okawaru
Qazlal
Ru
Sif Muna
Trog
Uskayaw
Vehumet
Xom
Yredelemnul
Zin
The Shining One
Jiyva
Lugonu

Shops:
D ?*[

Annotations:
D exclusion: oklob plant


Innate Abilities, Weirdness & Mutations

You reflexively headbutt those who attack you in melee.
You have a pair of horns on your head.
Your spells are a little easier to cast, but a little less powerful.


Message History

Your deep troll bites the 12-headed hydra!!
Your deep troll claws the 12-headed hydra!
Your deep troll claws the 12-headed hydra!!
The 12-headed hydra dies!
Trog accepts your kill.
Your deep troll rages.
The daeva calls down the wrath of the Shining One upon you.
The Shining One smites you!
* * * LOW HITPOINT WARNING * * *
Found a bubbling orange potion.
You feel much better.
The daeva calls down the wrath of the Shining One upon you.
The Shining One smites you!
* * * LOW HITPOINT WARNING * * *
The daeva calls down the wrath of the Shining One upon you.
The Shining One smites you!
* * * LOW HITPOINT WARNING * * *
The daeva calls down the wrath of the Shining One upon you.
The Shining One smites you!
You die...

#######################
)...#..#§...§.§...:§§$#
#..%##'#§####.§...##T.+
#...%§§#.# ##§.§## ###
#####..'.# ###§# !!##
#..##+#### #@##$$$#
§§.# #..###$# #§.#
##T#A#$# ##§# #..###$#
##P+ #.##..$# .### #.
+### .∩# ## ###


You could see a daeva and a friendly deep troll (berserk).

Vanquished Creatures
  2 centaur warriors (D)
  Sonja (D)
  A deep troll (D)
  2 kobold demonologists (D)
  4 demonic crawlers (D)
  A hornet (D)
  A slime creature (D)
  Sigmund (D)
  A yak (D)
  13 hogs (D)
  A floating eye (D)
  An ogre (D)
  A jelly (D)
  Ijyb (D)
  3 ballistomycetes (D)
34 creatures vanquished.

Vanquished Creatures (collateral kills)
  A hydra (D)
  A lindwurm (D)
  A floating eye (D)
3 creatures vanquished.

Vanquished Creatures (others)
  A gargoyle (D)
  2 ballistomycete spores (D)
3 creatures vanquished.

Grand Total: 40 creatures vanquished

Notes
Turn   | Place    | Note
-------+----------+-------------------------------------------
     0 | D        | juspike the Minotaur Berserker began the quest for the Orb.
     0 | D        | Reached XP level 1. HP: 19/19 MP: 0/0
     1 | D        | Noticed Ijyb
     7 | D        | Killed Ijyb
     7 | D        | Reached skill level 5 in Fighting
     7 | D        | Reached skill level 5 in Polearms
     7 | D        | Reached XP level 2. HP: 29/29 MP: 1/1
    62 | D        | Noticed an ogre
    66 | D        | Killed an ogre
    66 | D        | Reached skill level 7 in Polearms
    66 | D        | Reached XP level 3. HP: 40/40 MP: 2/2
    66 | D        | Reached XP level 4. HP: 48/48 MP: 3/3
    71 | D        | Noticed Sigmund
    97 | D        | HP: 1/48 [Sigmund/scythe of freezing (5)]
   102 | D        | Killed Sigmund
   102 | D        | Reached ** piety under Trog
   102 | D        | Reached skill level 10 in Fighting
   102 | D        | Reached skill level 9 in Polearms
   102 | D        | Reached skill level 5 in Armour
   102 | D        | Reached skill level 5 in Dodging
   102 | D        | Reached XP level 5. HP: 10/58 MP: 4/4
   102 | D        | Reached XP level 6. HP: 12/66 MP: 5/5
   305 | D        | Killed a gargoyle
   371 | D        | Found a burning altar of Makhleb.
   371 | D        | Found a viscous altar of Jiyva.
   371 | D        | Found a shimmering altar of Xom.
   371 | D        | Found a corrupted altar of Lugonu.
   371 | D        | Noticed a slime creature
   377 | D        | Killed a slime creature
   377 | D        | Reached skill level 11 in Polearms
   424 | D        | Noticed a kobold demonologist
   424 | D        | Noticed a floating eye
   425 | D        | Noticed a kobold demonologist
   426 | D        | Noticed a hellwing
   427 | D        | Killed a floating eye
   427 | D        | Reached XP level 7. HP: 74/74 MP: 6/6
   429 | D        | Noticed a sun demon
   430 | D        | Killed a kobold demonologist
   430 | D        | Reached *** piety under Trog
   430 | D        | Reached skill level 12 in Polearms
   433 | D        | Noticed an orange demon
   434 | D        | Killed a kobold demonologist
   434 | D        | Reached skill level 13 in Polearms
   434 | D        | Reached XP level 8. HP: 85/85 MP: 7/7
   488 | D        | Found a deep blue altar of Sif Muna.
   490 | D        | Found a radiant altar of Vehumet.
   571 | D        | Found Adghejom's General Store.
   571 | D        | Found an ancient bone altar of Kikubaaqudgha.
   571 | D        | Found a hazy altar of Hepliaklqana.
   571 | D        | Found a stormy altar of Qazlal.
   571 | D        | Found a hide-covered altar of Uskayaw.
   571 | D        | Found a blossoming altar of Fedhas.
   571 | D        | Found a bloodstained altar of Trog.
   571 | D        | Found an iron altar of Okawaru.
   571 | D        | Found a basalt altar of Yredelemnul.
   571 | D        | Found a glowing golden altar of the Shining One.
   571 | D        | Found a snail-covered altar of Cheibriados.
   571 | D        | Found a sacrificial altar of Ru.
   571 | D        | Found a glowing silver altar of Zin.
   571 | D        | Found a shadowy altar of Dithmenos.
   571 | D        | Found a white marble altar of Elyvilon.
   574 | D        | Reached **** piety under Trog
   575 | D        | Found an opulent altar of Gozag.
   578 | D        | Found a sparkling altar of Nemelex Xobeh.
   618 | D        | Bought a scroll of blinking for 75 gold pieces
   618 | D        | Bought a potion of lignification for 30 gold pieces
   618 | D        | Bought a scroll of remove curse for 30 gold pieces
   618 | D        | Bought a meat ration for 50 gold pieces
   631 | D        | Noticed Sonja
   635 | D        | Killed Sonja
   635 | D        | Reached skill level 14 in Polearms
   844 | D        | Noticed a deep troll
   853 | D        | Killed a deep troll
   853 | D        | Reached skill level 15 in Polearms
   853 | D        | Reached skill level 10 in Armour
   853 | D        | Reached XP level 9. HP: 82/96 MP: 8/8
  1012 | D        | Noticed a centaur warrior
  1037 | D        | Noticed a centaur warrior
  1044 | D        | Killed a centaur warrior
  1044 | D        | Reached skill level 15 in Fighting
  1045 | D        | Killed a centaur warrior
  1045 | D        | Reached ***** piety under Trog
  1045 | D        | Reached skill level 16 in Polearms
  1255 | D        | Found Rib Jank's Armour Emporium.
  1262 | D        | Bought a +2 helmet for 198 gold pieces
  1320 | D        | Found Huttotra's Magic Scroll Boutique.
  1334 | D        | Noticed a shining eye
  1334 | D        | Noticed a shining eye
  1334 | D        | Noticed a shining eye
  1334 | D        | Gained mutation: Your spells are a little easier to cast, but a little less powerful. [a shining eye]
  1605 | D        | Reached skill level 1 in Bows
  1657 | D        | Noticed an oklob plant
  1745 | D        | Noticed a demonic crawler
  1745 | D        | Noticed a demonic crawler
  1745 | D        | Noticed a demonic crawler
  1745 | D        | Noticed a demonic crawler
  1749 | D        | Killed a demonic crawler
  1749 | D        | Reached XP level 10. HP: 107/107 MP: 9/9
  1757 | D        | Reached skill level 17 in Polearms
  1758 | D        | Received a gift from Trog
  1769 | D        | Got an ichor-stained glaive {god gift}
  1963 | D        | Identified the +4 glaive of Altruism {freeze, MR+ Dex+4} (Trog gifted it to you in the Dungeon)
  1980 | D        | Noticed a lindwurm
  1986 | D        | Killed a lindwurm
  2046 | D        | Reached skill level 18 in Polearms
  2052 | D        | Reached skill level 1 in Stealth
  2059 | D        | Received a gift from Trog
  2063 | D        | Reached skill level 10 in Dodging
  2068 | D        | Received a gift from Trog
  2193 | D        | Noticed a daeva
  2199 | D        | Noticed a 12-headed hydra
  2209 | D        | Killed a 12-headed hydra
  2212 | D        | Killed from afar by a daeva

Skill      XL: |  1  2  3  4  5  6  7  8  9 10 |
---------------+-------------------------------+-----
Fighting       | 5 7 10 11 12 14 15 16 | 16.6
Polearms       | 5 7 9 11 13 15 16 18 | 18.6
Armour         | 3 4 5 6 8 10 11 12 | 12.8
Dodging        | 3 5 6 7 8 9 10 | 10.2
Bows           | 1 4 |  4.0
Stealth        | 1 |  1.4

Action                   |  1- 3 |  4- 6 |  7- 9 | 10-12 || total
-------------------------+-------+-------+-------+-------++-------
Melee: Spear             |     7 |    18 |       |       ||    25
       Headbutt          |     1 |     4 |     5 |    15 ||    25
       Scythe            |       |     5 |    33 |    14 ||    52
       Glaive            |       |       |       |    34 ||    34
 Fire: Shortbow          |       |       |     9 |       ||     9
Invok: Berserk           |     2 |     2 |     7 |     1 ||    12
       Trog's Hand       |       |     1 |       |       ||     1
       Brothers in Arms  |       |       |       |     3 ||     3
  Use: Potion            |       |     1 |       |     1 ||     2
  Eat: Bread ration      |       |     1 |       |       ||     1
       Chunk             |       |       |     2 |     2 ||     4
       Meat ration       |       |       |     1 |       ||     1
       Royal jelly       |       |       |       |     1 ||     1
Armor: Ring mail         |       |     3 |     5 |    22 ||    30
Dodge: Dodged            |     3 |     7 |    27 |    61 ||    98
